 Dungeon Crawl Stone Soup version 0.32-a0-290-g598725c5f2 (webtiles) character file.

Game seed: 5507206784668850916

10820 lunkers the Frost Mage (level 11, -4/113 HPs)
             Began as an Oni Ice Elementalist on Feb 13, 2024.
             Was a Believer of Vehumet.
             Slain by a vampire (8 damage)
             ... on level 11 of the Dungeon.
             The game lasted 00:25:13 (12047 turns).

lunkers the Frost Mage (Oni Ice Elementalist)      Turns: 12047, Time: 00:25:13

Health: -4/113     AC: 14    Str: 14    XL:     11   Next: 68%
Magic:  14/26      EV: 14    Int: 20    God:    Vehumet [**....]
Gold:   643        SH:  0    Dex:  9    Spells: 22/32 levels left

rFire   + . .        k - +4 trident (holy)
rCold   + . .        (no shield)
rNeg    . . .        B - +1 robe {rC+ rF+}
rPois   .            (helmet restricted)
rElec   .            t - +0 cloak
rCorr   +            (gloves unavailable)
SInv    .            (boots unavailable)
Will    +....        (no amulet)
Stlth   +            j - +5 ring of evasion
HPRegen 0.38/turn    w - ring of resist corrosion
MPRegen 0.20/turn

%: no passive effects
@: ice-armoured, about to teleport, freezing walls
A: large, unfitting armour, horns 1, tough skin 1, double potion healing,
drunken brawling
a: Renounce Religion


You were on level 11 of the Dungeon.
You worshipped Vehumet.
Vehumet was pleased with you.
You visited 2 branches of the dungeon, and saw 12 of its levels.
You also visited: Sewer.

You collected 643 gold pieces.

Inventory:

Hand Weapons
 i - a +0 heavy flail
 k - a +4 trident of holy wrath (weapon)
 y - a +2 morningstar
 z - a +5 halberd
Missiles
 K - a throwing net
Armour
 q - a +2 animal skin
 t - a +0 cloak (worn)
 B - a +1 robe of resistance (worn)
 I - +0 acid dragon scales
Magical Staves
 C - a staff of conjuration
Jewellery
 j - a +5 ring of evasion (left hand)
 r - a ring of see invisible
 w - a ring of resist corrosion (right hand)
 H - an amulet of faith
Wands
 m - a wand of quicksilver (17)
 A - a wand of roots (13)
 D - a wand of flame (11)
 E - a wand of digging (3)
 F - a wand of paralysis (6)
 G - a wand of mindburst (5)
Scrolls
 d - 3 scrolls of fear
 f - a scroll of fog
 x - a scroll of teleportation
 L - 2 scrolls of amnesia
Potions
 a - 3 potions of resistance
 b - a potion of magic
 c - 2 potions of heal wounds
 e - 2 potions of brilliance {unknown}
 g - 5 potions of enlightenment
 h - a potion of mutation {unknown}
 l - a potion of invisibility {unknown}
 n - 6 potions of curing {unknown}
 o - 5 potions of attraction
 p - 3 potions of cancellation {unknown}
 s - 3 potions of haste {unknown}
 u - 3 potions of lignification {unknown}
 v - a potion of berserk rage {unknown}
 J - a potion of might {unknown}
 M - a potion of ambrosia {unknown}


   Skills:
 + Level 8.4 Fighting
 - Level 1.7 Dodging
 - Level 1.4 Stealth
 + Level 11.0 Spellcasting
 * Level 2.3 Conjurations
 + Level 12.9 Ice Magic


You had 22 spell levels left.
You knew the following spells:

 Your Spells              Type           Power      Damage    Failure   Level
a - Freeze                Ice            100%       1d10      1%          1
b - Frozen Ramparts       Ice            100%       1d16      1%          3
c - Ozocubu's Armour      Ice            58%        N/A       1%          3
d - Summon Ice Beast      Ice/Summ       37%        N/A       1%          3

Your spell library contained the following spells:

 Spells                   Type           Power      Damage    Failure   Level
 Sandblast                Erth           22%        2d7       6%          1
 Momentum Strike          Conj/Tloc      30%        3d8       6%          2
 Iskenderun's Mystic Bla  Conj/Tloc      15%        2d5       36%         4
 Animate Dead             Necr           11%        N/A       52%         4
 Petrify                  Alch/Erth      11%        N/A       52%         4
 Borgnjor's Vile Clutch   Necr/Erth      5%         N/A       86%         5
 Death Channel            Necr           5%         N/A       100%        6
 Malign Gateway           Summ/Tloc      5%         N/A       100%        7
 Summon Horrible Things   Summ           5%         N/A       100%        8
 Fire Storm               Conj/Fire      7%         8d2       100%        9


Dungeon Overview and Level Annotations

Branches:
Dungeon (11/15)            Temple (1/1) D:6            Lair (0/5) D:11
  Sewer (visited)
    Orc: D:9-12

Altars:
Ashenzari
Cheibriados
Dithmenos
Elyvilon
Fedhas
Gozag
Hepliaklqana
Kikubaaqudgha
Makhleb
Nemelex Xobeh
Okawaru
Qazlal
Ru
Sif Muna
Trog
Uskayaw
Vehumet
Wu Jian
Xom
Yredelemnul
Zin
The Shining One

Shops:
D:2 !   D:10 ??=([


Innate Abilities, Weirdness & Mutations

You are too large for most types of armour.
You have a pair of small horns on your head.
You have tough skin. (AC +1)
You gain doubled healing and magic from potions.
Whenever you drink a healing potion, you attack all around you.


Message History

Something hits you but does no damage. Something barely misses you.
Unknown command.
You barely miss something.
The wall freezes something.
Something hits you but does no damage. Something bites you but does no damage.
You closely miss something.
The wall freezes something.
Something hits you.
* * * LOW HITPOINT WARNING * * *
Something bites you.
* * * LOW HITPOINT WARNING * * *
Something draws strength from your injuries!
The wall freezes something.
Something hits you.
* * * LOW HITPOINT WARNING * * *
Something bites you!
* * * LOW HITPOINT WARNING * * *
Something draws strength from your injuries!
Unknown command.
Unknown command.
You puncture something! You headbutt something.
The wall freezes something but does no damage.
Something hits you.
* * * LOW HITPOINT WARNING * * *
Something barely misses you.
Unknown command.
Okay, then.
As you read the scroll of teleportation, it crumbles to dust.
You feel strangely unstable.
The wall freezes something.
Something hits you but does no damage. Something bites you.
* * * LOW HITPOINT WARNING * * *
Something draws strength from your injuries!
Unknown command.
You barely miss something. Your headbutt misses something.
The wall freezes something but does no damage.
Something hits you!
* * * LOW HITPOINT WARNING * * *
Something bites you.
* * * LOW HITPOINT WARNING * * *
Something draws strength from your injuries!
You closely miss something.
The wall freezes something but does no damage.
Something hits you but does no damage. Something bites you!
You die...

.............## #.....##
......>.......# .......#
.../.....)....##.......#
............))$........#
.......)...))##)......#
....#.......)##.#.....##
... ###..###)#..........
. ##.##.†.).#.......#
#...{@#.###÷.......
#......####.# ...######
...####.# #.##.### .
#####.# #.##. #.....#
#..#. ......#####!#.
.........##.#.
.....###....# .## ####.#


There were no monsters in sight!

Vanquished Creatures
  A two-headed ogre (D:9)
  A death yak (D:8)
  Pikel (D:4)
  A deep elf pyromancer (D:10)
  A cyclops (D:11)
  Maurice (D:7)
  A kobold demonologist (D:9)
  Psyche (D:8)
  A troll (D:11)
  4 hornets
  A wraith (D:10)
  A shadow (D:11)
  2 wyverns
  A basilisk (D:11)
  3 yaks (D:11)
  A steam dragon (D:10)
  A water moccasin (D:7)
  An acid dragon (D:9)
  Duvessa (D:5)
  5 orc warriors
  A black bear (D:5)
  A sky beast (D:7)
  2 ice beasts
  5 centaurs
  2 phantoms
  4 lemures (D:4)
  2 brain worms (Sewer)
  3 bullfrogs (D:7)
  2 scorpions
  A kobold brigand (D:9)
  A gnoll sergeant (D:10)
  11 wights
  Dowan (D:5)
  12 killer bees
  2 electric eels (D:8)
  2 bombardier beetles
  2 orc priests
  3 hounds
  A gnoll bouda (D:9)
  A jelly (D:4)
  3 iguanas
  Terence (D:2)
  A sleepcap (D:6)
  5 orc wizards
  A centaur simulacrum (D:9)
  Robin (D:2)
  16 adders
  10 gnolls
  3 river rats (Sewer)
  A shadow imp (D:6)
  4 white imps (D:8)
  6 ufetubi
  2 dart slugs (D:2)
  21 orcs
  8 endoplasms
  2 giant cockroaches
  9 goblins
  11 hobgoblins
  19 jackals
  2 quokkas
  8 ball pythons
  3 bats
  5 frilled lizards (Sewer)
  10 kobolds
  7 rats
248 creatures vanquished.

Vanquished Creatures (collateral kills)
  A two-headed ogre (D:10)
  A phantom (D:6)
2 creatures vanquished.

Grand Total: 250 creatures vanquished

Notes
Turn   | Place    | Note
-------+----------+-------------------------------------------
     0 | D:1      | lunkers the Oni Ice Elementalist began the quest for the
                  | Orb.
     0 | D:1      | Reached XP level 1. HP: 16/16 MP: 3/3
   131 | D:1      | Reached XP level 2. HP: 23/24 MP: 2/5
   282 | D:1      | Reached skill level 4 in Ice Magic
   495 | D:1      | Reached XP level 3. HP: 27/31 MP: 2/7
   590 | D:1      | You fall into a shaft and drop 1 floor!
   727 | D:2      | Noticed Terence
   734 | D:2      | Killed Terence
   735 | D:2      | Reached XP level 4. HP: 35/39 MP: 2/9
   741 | D:2      | Learned a level 3 spell: Frozen Ramparts
   745 | D:2      | Learned a level 3 spell: Ozocubu's Armour
   903 | D:2      | Noticed Robin
   916 | D:2      | Killed Robin
  1099 | D:2      | Reached skill level 5 in Ice Magic
  1105 | D:2      | Reached XP level 5. HP: 39/45 MP: 2/10
  1361 | D:2      | Found a faded altar of an unknown god.
  1568 | D:2      | Found Siev's Distillery.
  1786 | D:3      | Learned a level 3 spell: Summon Ice Beast
  1848 | D:3      | Found a glowing drain.
  1908 | Sewer    | Entered a sewer
  1955 | Sewer    | Reached XP level 6. HP: 26/53 MP: 0/12
  1977 | Sewer    | Reached skill level 6 in Ice Magic
  2553 | D:3      | Found a shimmering altar of Xom.
  2988 | D:4      | Reached skill level 5 in Spellcasting
  3042 | D:4      | Reached XP level 7. HP: 59/59 MP: 10/14
  3139 | D:4      | Noticed Pikel
  3149 | D:4      | Killed Pikel
  3150 | D:4      | Reached skill level 7 in Ice Magic
  3150 | D:4      | Reached XP level 8. HP: 11/67 MP: 4/17
  3513 | D:4      | Reached skill level 8 in Ice Magic
  4278 | D:5      | Entered Level 5 of the Dungeon
  4445 | D:5      | Noticed Duvessa
  4446 | D:5      | Noticed Dowan
  4454 | D:5      | Killed Duvessa
  4465 | D:5      | Killed Dowan
  4466 | D:5      | Reached skill level 9 in Ice Magic
  4892 | D:5      | Reached XP level 9. HP: 55/74 MP: 15/20
  5665 | D:6      | Reached skill level 10 in Ice Magic
  5798 | D:6      | Found a staircase to the Ecumenical Temple.
  6082 | Temple   | Entered the Ecumenical Temple
  6331 | D:7      | Got the Codex of Decantation and Forces
  6382 | D:7      | Found a snail-covered altar of Cheibriados.
  6384 | D:7      | Found a radiant altar of Vehumet.
  6388 | D:7      | Found a shadowy altar of Dithmenos.
  6388 | D:7      | Found a bloodstained altar of Trog.
  6389 | D:7      | Found an iron altar of Okawaru.
  6389 | D:7      | Found a broken altar of Ashenzari.
  6389 | D:7      | Found a sparkling altar of Nemelex Xobeh.
  6389 | D:7      | Found a shimmering blue altar of Sif Muna.
  6394 | D:7      | Became a worshipper of Vehumet
  6409 | D:7      | Noticed a hornet
  6413 | D:7      | Paralysed by a hornet for 2 turns
  6414 | D:7      | Reached skill level 1 in Fighting
  6418 | D:7      | Killed a hornet
  6921 | D:7      | Noticed Maurice
  6932 | D:7      | Killed Maurice
  6933 | D:7      | Reached XP level 10. HP: 80/92 MP: 10/23
  7142 | D:8      | Reached skill level 11 in Ice Magic
  7651 | D:8      | Noticed a death yak
  7686 | D:8      | Reached * piety under Vehumet
  7686 | D:8      | Offered knowledge of Foxfire by Vehumet.
  7689 | D:8      | Killed a death yak
  7690 | D:8      | Reached skill level 5 in Fighting
  8073 | D:8      | Noticed Psyche
  8091 | D:8      | Killed Psyche
  8615 | D:9      | Noticed a kobold demonologist
  8619 | D:9      | Noticed a rust devil
  8623 | D:9      | Killed a kobold demonologist
  8735 | D:9      | Noticed a two-headed ogre
  8751 | D:9      | Killed a two-headed ogre
  8752 | D:9      | Reached skill level 10 in Spellcasting
  8752 | D:9      | Reached skill level 12 in Ice Magic
  8935 | D:9      | Reached XP level 11. HP: 86/107 MP: 19/25
  9629 | D:9      | Offered knowledge of Sandblast by Vehumet.
  9747 | D:9      | Reached ** piety under Vehumet
 10092 | D:10     | Entered Level 10 of the Dungeon
 10092 | D:10     | Found Echaff's Magic Scroll Shop.
 10113 | D:10     | Found Caisaep's Jewellery Emporium.
 10120 | D:10     | Noticed a deep elf pyromancer
 10131 | D:10     | Killed a deep elf pyromancer
 10506 | D:10     | Found Peunua's Antique Weapon Boutique.
 10841 | D:10     | Noticed a two-headed ogre
 10855 | D:10     | Killed a two-headed ogre
 11106 | D:10     | Found Jeodid's Magic Scroll Boutique.
 11150 | D:10     | Found Kafeblud's Armour Shop.
 11377 | D:11     | Found a staircase to the Lair.
 11381 | D:11     | Noticed a red ugly thing
 11388 | D:11     | Reached skill level 1 in Conjurations
 12013 | D:11     | Noticed a cyclops
 12036 | D:11     | Killed a cyclops
 12046 | D:11     | HP: 5/113 [something (8)]
 12047 | D:11     | Slain by a vampire

Illustrated notes

Levels and vault maps discovered:
D:1:      nicolae_arrival_washed_ashore, layout_basic
D:2:      layout_basic, shapermc_ecumenical_altar_mp_vishouse, serial_shops,
          shop, minmay_misc_feat_cross, uniq_terence, uniq_robin
D:3:      layout_loops_cross, nicolae_overflow_crystal_walls,
          gup_sewer_entry_glass
D:4:      layout_rooms, uniq_pikel
D:5:      layout_basic, serial_bayou_pond_c, grunt_ministairs_14, uniq_duvessa
D:6:      layout_cave_pools, minmay_temple_entry_stoned_glass,
          grunt_ministairs_3
D:7:      layout_loops_cross, grunt_temple_overflow_open, uniq_maurice
D:8:      layout_basic, serial_ice, serial_ice_c, serial_ice_k, serial_ice_n,
          serial_ice_m, kennysheep_small_square, uniq_psyche
D:9:      layout_layer_cave
D:10:     layout_cross, serial_shops, shop, kennysheep_mini,
          nicolae_shop_window_shopping, shop, shop_statue, minmay_crystal_water
D:11:     layout_rooms, lair_entry_dummy, special_room [special_room_orc],
          nicolae_uskayaw_en_pointe, uniq_harold
Temple:   nicolae_temple_god_jail

Skill      XL: |  1  2  3  4  5  6  7  8  9 10 11 |
---------------+----------------------------------+-----
Ice Magic      | 4 5 6 7 9 10 12 | 12.9
Spellcasting   | 3 4 5 6 7 9 10 11 | 11.0
Fighting       | 3 6 8 |  8.4
Conjurations   | 2 |  2.3
Dodging        | |  1.7
Stealth        | |  1.4

Action                     |  1- 3 |  4- 6 |  7- 9 | 10-12 || total
---------------------------+-------+-------+-------+-------++-------
  Melee: Unarmed           |     7 |       |       |    11 ||    18
         Trident           |     1 |    46 |    46 |   109 ||   202
         Headbutt          |     1 |     2 |     8 |    14 ||    25
   Cast: Freeze            |    35 |    52 |   119 |    82 ||   288
         Frozen Ramparts   |       |     8 |    16 |    32 ||    56
         Summon Ice Beast  |       |       |     5 |     8 ||    13
         Ozocubu's Armour  |       |       |     4 |     6 ||    10
  Evoke: Wand              |       |       |       |    10 ||    10
    Use: Scroll            |       |     8 |     5 |     5 ||    18
         Potion            |       |       |     1 |       ||     1
   Stab: Distracted        |       |       |       |     1 ||     1
 Armour: Robe              |    28 |    27 |       |   165 ||   220
         Animal skin       |       |    29 |   136 |    42 ||   207
         Skin              |       |       |       |     2 ||     2
  Dodge: Dodged            |    26 |    56 |   178 |   161 ||   421

Table legend: (Time is in decaauts)
 A = Elapsed time spent in this place.
 B = Non-inter-level travel time spent in this place.
 C = Inter-level travel time spent in this place.
 D = Time resting spent in this place.
 E = Time spent auto-exploring this place.
 F = Levels seen in this place.
 G = Mean time per level.
                   A        B        C        D        E       F      G
               +--------+--------+--------+--------+--------+-----+--------+
         Total |  12119 |  11843 |    276 |     36 |   9866 |  13 |  932.2 |
       Dungeon |  11608 |  11332 |    276 |     36 |   9481 |  11 | 1055.3 |
        Temple |      1 |      1 |      0 |      0 |      0 |   1 |    1.0 |
         Sewer |    508 |    508 |      0 |      0 |    385 |   1 |  508.0 |
               +--------+--------+--------+--------+--------+-----+--------+

Top non-repeatable levels by time:
     D:9: 1591 daAuts
     D:8: 1416 daAuts
     D:4: 1315 daAuts
    D:10: 1302 daAuts
     D:5: 1204 daAuts
     D:2: 1195 daAuts
     D:7: 936 daAuts
     D:6: 693 daAuts
     D:3: 687 daAuts
    D:11: 677 daAuts
     D:1: 589 daAuts
   Sewer: 508 daAuts
  Temple: 1 daAuts
